Map: Whispers of Gold

Players

MKLOL

  • Race: Protoss Protoss
  • League: Diamond
  • Spawn Location: 5:00

Jitovan - Winner!

  • Race: Protoss Protoss
  • League: Master
  • Spawn Location: 9:00

VOD

Have the link to the VOD?

Description

Time

  • Played on: April 27, 2025, 8:20 p.m.
  • Length: 20:25
Show
View Real Time Build Order
Export as new Build Order

MKLOL Protoss 

Build Orders:  

Get SALT Encoding   

  12  0:00  Probe  
  13  0:12  Probe  
  14  0:18  Pylon  
  14  0:24  Probe  
  15  0:36  Probe  
  15  0:40  Gateway  
  16  0:44  Assimilator  
  16  0:56  Probe  
  17  1:06  Probe  
  18  1:12  Gateway  
  18  1:23  Pylon  
  18  1:35  Cybernetics Core  
  18  1:37  Assimilator  
  18  1:41  Probe  
  19  1:49  Probe  
  20  1:58  Probe  
  21  2:09  Stalker  
  21  2:10  Probe  
  21  2:14  Warp Gate  
  24  2:26  Pylon  
  24  2:31  Sentry  
  26  2:39  Probe  
  27  2:55  Nexus  
  27  3:04  Probe  
  28  3:07  Stalker  
  30  3:16  Probe  
  30  3:19  Pylon  
  31  3:31  Twilight Council  
  31  3:35  Shield Battery  
  31  3:37  Probe  
  32  3:49  Probe  
  33  4:00  Blink  
  33  4:01  Probe  
  30  4:03  Stalker  
  29  4:13  Probe  
  30  4:17  Stalker  
  32  4:31  Probe x2  
  34  4:43  Probe x2  
  36  4:47  Stalker  
  36  4:51  Stalker  
  40  5:06  Probe x2  
  42  5:11  Stalker  
  44  5:14  Stalker  
  44  5:18  Probe  
  47  5:22  Probe  
  47  5:25  Pylon  
  48  5:30  Probe  
  48  5:34  Probe  
  50  5:37  Stalker  
  50  5:42  Stalker  
  54  5:43  Probe  
  54  5:46  Probe, Pylon  
  56  5:55  Probe  
  57  6:02  Pylon  
  57  6:06  Robotics Facility  
  57  6:16  Probe x2  
  59  6:24  Probe  
  59  6:25  Probe  
  59  6:31  Nexus  
  61  6:33  Probe x2, Pylon  
  62  6:44  Probe  
  62  6:45  Probe  
  64  6:48  Shield Battery  
  64  6:56  Probe  
  64  6:57  Probe  
  66  7:07  Stalker x2, Immortal  
  66  7:08  Probe, Pylon  
  71  7:09  Probe, Shield Battery  
  72  7:20  Probe  
  77  7:26  Sentry  
  77  7:32  Stalker  
  77  7:35  Shield Battery  
  77  7:36  Probe x2  
  81  7:42  Gateway  
  81  7:43  Gateway  
  81  7:44  Gateway  
  81  7:48  Probe x2  
  81  7:50  Assimilator  
  83  7:55  Stalker  
  83  7:56  Stalker  
  83  7:58  Probe  
  87  8:01  Probe x2  
  76  8:20  Stalker x2  
  76  8:22  Charge  
  73  8:39  Immortal  
  73  8:44  Probe x2  
  73  8:47  Shield Battery  
  75  8:49  Zealot x5  
  75  8:53  Probe  
  90  9:00  Probe  
  91  9:09  Stalker  
  93  9:10  Stalker x3  
  93  9:12  Probe  
  93  9:13  Probe, Observer  
  101  9:18  Forge  
  101  9:22  Stalker  
  104  9:26  Immortal  
  104  9:33  Pylon  
  104  9:37  Pylon  
  108  9:42  Pylon  
  108  9:51  Nexus  
  108  9:52  Probe x2  
  110  9:53  Probe  
  110  9:58  Zealot x2  
  115  10:02  Immortal  
  115  10:04  Probe  
  115  10:05  Probe x2  
  118  10:16  Probe  
  118  10:18  Probe x2  
  125  10:21  Assimilator, Templar Archives  
  125  10:23  Assimilator, Zealot  
  125  10:26  Zealot  
  129  10:32  Protoss Ground Weapons Level 1  
  129  10:33  Pylon  
  129  10:37  Shield Battery  
  129  10:38  Zealot  
  131  10:46  Probe  
  131  10:47  Probe  
  133  10:51  Probe, Immortal  
  133  10:52  Shield Battery  
  138  11:00  High Templar x2  
  140  11:04  Zealot x2  
  140  11:05  Zealot  
  140  11:07  Archon  
  140  11:08  Probe x3  
  149  11:20  Probe x3  
  152  11:26  Stalker x2  
  152  11:30  Pylon  
  156  11:36  Photon Cannon  
  156  11:50  High Templar x2  
  156  11:51  Zealot  
  156  11:52  Zealot  
  164  12:03  Robotics Bay  
  164  12:07  Pylon  
  164  12:14  Pylon  
  164  12:17  Pylon  
  164  12:18  Gateway  
  164  12:20  Pylon, Gateway x2  
  164  12:22  Gateway  
  164  12:23  Gateway  
  164  12:25  Probe x4  
  164  12:28  Robotics Facility  
  164  12:29  High Templar x2, Protoss Ground Weapons Level 2  
  172  12:31  Archon  
  172  12:33  Archon, Gateway  
  172  12:37  Immortal  
  176  12:45  Photon Cannon  
  176  12:51  Photon Cannon  
  176  12:53  Photon Cannon  
  176  12:57  Assimilator  
  176  13:02  Forge  
  176  13:04  Disruptor  
  176  13:06  Nexus  
  176  13:07  Pylon x2  
  176  13:09  Disruptor  
  176  13:14  Pylon  
  184  13:20  Assimilator  
  184  13:24  Pylon  
  184  13:29  Zealot x3  
  184  13:30  Disruptor  
  184  13:32  Shield Battery  
  190  13:35  Protoss Ground Armor Level 1  
  190  13:41  Disruptor  
  194  13:48  Photon Cannon  
  194  13:50  Photon Cannon  
  194  13:51  Photon Cannon  
  198  13:56  Shield Battery  
  198  14:02  Warp Prism  
  198  14:17  Warp Prism  
  198  14:48  Gateway  
  198  14:51  Gateway  
  198  14:53  Gateway  
  198  14:54  Gateway  
  198  14:56  Gateway  
  198  14:58  Gateway  
  153  15:47  Stalker x13  
  153  15:50  Probe  
  153  15:51  Probe x3  
  153  15:52  High Templar x2  
  153  15:53  High Templar  
  141  16:04  High Templar  
  141  16:05  Archon  
  143  16:13  Assimilator  
  143  16:15  High Templar x3  
  143  16:16  High Templar x4, Protoss Ground Weapons Level 3  
  157  16:22  Protoss Ground Armor Level 2  
  157  16:26  Archon x2  
  157  16:27  Archon x2  
  157  16:39  Assimilator  
  157  16:43  Assimilator  
  157  16:45  Stalker x4  
  157  16:47  Zealot x6  
  167  16:48  Zealot x2  
  172  16:56  Zealot  
  172  16:57  Zealot x4  
  172  17:00  Observer x2  
  178  17:09  Dark Shrine  
  178  17:10  Zealot x10  
  178  17:11  Zealot  
  200  17:35  Zealot  
  194  17:50  Stalker x6  
  194  17:51  Stalker x4  
  180  17:58  Zealot  
  180  17:59  Zealot x6  
  188  18:14  Stalker x7  
  173  18:30  High Templar x3  
  173  18:31  High Templar  
  168  18:35  Archon  
  168  18:41  Archon  
  164  18:42  Stalker x2, Zealot  
  164  18:43  Zealot x10  
  178  18:58  Nexus  
  155  19:03  Zealot x8  
  167  19:10  Stalker  
  167  19:11  Stalker x7  
  181  19:17  Stalker  
  169  19:38  Stalker x2  
  169  19:39  Stalker x3  
  169  19:40  Stalker  
  169  19:41  Stalker  
  179  19:49  Stalker  
  179  19:50  Stalker  
  179  20:03  Stalker  
  179  20:04  Stalker  
Show
View Real Time Build Order
Export as new Build Order

Jitovan Protoss - Winner!

Build Orders: Oracle Opening, Carriers 

Get SALT Encoding   

  12  0:02  Probe  
  13  0:14  Probe  
  13  0:19  Pylon  
  14  0:26  Probe  
  15  0:38  Probe  
  16  0:45  Assimilator  
  16  0:47  Probe, Gateway  
  16  0:55  Probe  
  18  1:05  Probe  
  18  1:08  Assimilator  
  19  1:14  Assimilator  
  19  1:20  Probe  
  20  1:33  Probe  
  21  1:44  Probe  
  21  1:45  Cybernetics Core  
  21  1:47  Forge  
  21  1:52  Probe  
  22  1:56  Pylon  
  23  2:14  Probe  
  24  2:20  Stalker  
  24  2:22  Photon Cannon  
  26  2:30  Stargate  
  26  2:43  Warp Gate  
  26  3:05  Nexus, Oracle  
  26  3:14  Pylon  
  29  3:23  Probe  
  30  3:32  Shield Battery  
  30  3:33  Oracle  
  30  3:35  Probe  
  31  3:47  Probe  
  35  3:52  Pylon  
  35  3:59  Probe  
  36  4:10  Pylon  
  36  4:14  Oracle  
  36  4:15  Probe  
  40  4:19  Probe  
  41  4:31  Probe x2  
  43  4:32  Stalker  
  43  4:38  Twilight Council  
  45  4:44  Photon Cannon  
  45  4:46  Probe, Blink  
  45  4:47  Probe  
  47  4:58  Probe  
  47  4:59  Probe, Stalker  
  51  5:10  Probe  
  51  5:11  Probe  
  53  5:15  Gateway  
  53  5:22  Protoss Ground Weapons Level 1  
  53  5:27  Pylon, Stalker  
  55  5:36  Assimilator  
  55  5:37  Probe x2  
  55  5:38  Assimilator  
  55  5:40  Shield Battery  
  57  5:51  Gateway  
  57  5:52  Probe x2, Gateway  
  57  5:56  Stalker  
  61  6:02  Photon Cannon  
  61  6:13  Stalker  
  61  6:14  Probe x2  
  65  6:19  Robotics Facility  
  65  6:23  Gateway  
  65  6:25  Gateway  
  62  6:40  Charge  
  62  6:41  Probe  
  63  6:51  Stalker x2  
  63  6:52  Stalker x2  
  71  7:00  Nexus  
  71  7:12  Pylon  
  71  7:15  Observer  
  72  7:29  Stalker x3  
  76  7:30  Stalker  
  76  7:31  Protoss Ground Weapons Level 2  
  76  7:32  Stalker x2  
  76  7:35  Observer  
  83  7:49  Probe x2  
  83  7:50  Photon Cannon  
  85  7:53  Shield Battery  
  85  8:01  Probe  
  86  8:06  Probe  
  85  8:13  Probe  
  84  8:34  Warp Prism  
  84  8:36  Probe x3  
  89  8:43  Gateway  
  89  8:48  Pylon x2  
  86  8:50  Gateway  
  86  8:53  Gateway  
  86  8:57  Zealot  
  86  8:58  Zealot x5  
  98  9:08  Assimilator  
  98  9:12  Assimilator  
  98  9:15  Photon Cannon  
  98  9:16  Photon Cannon  
  98  9:19  Pylon  
  98  9:20  Photon Cannon  
  98  9:21  Templar Archives  
  98  9:23  Photon Cannon  
  98  9:36  Probe x3  
  101  9:38  Observer  
  101  9:46  Protoss Ground Weapons Level 3  
  101  9:48  Probe x3  
  101  9:49  Nexus  
  101  9:51  Pylon  
  104  10:02  High Templar x2  
  104  10:03  High Templar x2  
  104  10:04  High Templar x2  
  116  10:08  High Templar x2  
  116  10:09  Archon x3  
  116  10:12  Archon  
  119  10:18  Shield Battery  
  119  10:20  Photon Cannon  
  119  10:23  Photon Cannon  
  119  10:25  Shield Battery  
  119  10:26  Photon Cannon  
  119  10:30  Pylon  
  119  10:32  Zealot  
  121  10:35  High Templar x2  
  121  10:36  High Templar x2  
  121  10:37  Zealot x2  
  121  10:39  Archon x2  
  133  10:46  Photon Cannon  
  133  10:48  Probe x2, Shield Battery  
  135  11:12  Zealot x6  
  135  11:13  Zealot x3  
  147  11:25  Probe x4  
  147  11:29  Assimilator  
  147  11:33  Assimilator  
  147  11:34  Fleet Beacon  
  147  11:37  Cybernetics Core  
  147  11:42  Stargate  
  147  11:43  Probe x2  
  147  11:44  Probe, Pylon  
  150  11:47  Shield Battery  
  150  11:48  Shield Battery  
  150  12:05  Probe x3  
  153  12:14  Probe, Stargate  
  153  12:15  Stargate  
  154  12:16  Protoss Air Weapons Level 1  
  154  12:17  Probe x2  
  154  12:22  Photon Cannon x2  
  156  12:25  Photon Cannon  
  156  12:26  Protoss Shields Level 1  
  156  12:27  Pylon  
  156  12:29  Carrier  
  156  12:34  Protoss Air Armor Level 1  
  156  12:35  Carrier  
  162  12:46  Pylon  
  162  12:47  Pylon  
  162  12:49  Pylon  
  168  12:57  Photon Cannon  
  168  12:58  Shield Battery  
  168  12:59  Photon Cannon  
  168  13:02  Carrier  
  168  13:03  Probe x3  
  168  13:04  Probe  
  172  13:09  Carrier, Photon Cannon  
  172  13:10  Shield Battery  
  184  13:26  Zealot x3  
  190  13:30  Dark Shrine  
  190  13:33  Carrier  
  190  13:38  Carrier  
  193  13:53  Pylon  
  193  14:13  Stargate  
  193  14:14  Protoss Air Weapons Level 2  
  193  14:16  Photon Cannon  
  193  14:18  Photon Cannon, Shield Battery  
  193  14:22  Protoss Shields Level 2  
  193  14:38  Protoss Air Armor Level 2  
  193  14:42  Mothership  
  200  14:48  Nexus, Pylon  
  200  14:55  Pylon, Assimilator  
  200  14:58  Assimilator  
  200  15:09  Gateway  
  200  15:19  Gateway  
  200  15:20  Gateway  
  200  15:21  Pylon, Gateway  
  200  15:23  Shadow Stride  
  200  15:29  Gateway  
  200  15:30  Gateway  
  200  15:32  Gateway  
  200  15:34  Gateway  
  162  15:43  Stalker x3  
  162  15:44  Stalker x5  
  166  16:06  Dark Templar x4  
  174  16:23  Carrier x3  
  174  16:24  Carrier  
  196  16:42  High Templar x2  
  196  16:44  Photon Cannon  
  196  16:45  Photon Cannon  
  196  16:46  Archon  
  200  16:47  Photon Cannon  
  200  16:48  Shield Battery  
  200  16:49  Photon Cannon  
  200  16:58  Protoss Shields Level 3  
  200  17:03  Protoss Air Weapons Level 3  
  200  17:20  Protoss Air Armor Level 3  
  200  17:22  Shield Battery  
  200  17:24  Photon Cannon x2, Shield Battery  
  200  17:29  Photon Cannon  
  200  17:30  Pylon, Shield Battery  
  185  17:55  Carrier x2  
  185  17:56  Carrier  
  181  18:01  Photon Cannon  
  181  18:02  Photon Cannon  
  181  18:04  Photon Cannon, Assimilator  
  193  18:06  Photon Cannon  
  193  18:07  Shield Battery  
  193  18:10  Shield Battery  
  197  18:37  Stalker  
  199  18:44  Photon Cannon  
  199  18:45  Photon Cannon  
  199  18:47  Photon Cannon  
  199  18:48  Photon Cannon  
  199  18:51  Shield Battery  
  177  19:04  High Templar x3  
  177  19:05  High Templar x3  
  177  19:06  High Templar  
  177  19:07  High Templar  
  177  19:08  Archon x2  
  177  19:09  Archon  
  192  19:11  Archon  
  186  19:19  Carrier x2  
  186  19:21  Nexus  
  186  19:22  Pylon  
  198  19:25  Dark Templar  
  199  19:36  Photon Cannon  
  199  20:12  Photon Cannon  
  199  20:16  Photon Cannon  
Tags
 
Composition
Carriers
Matchup
PvP
Spawn Locations
Cross Positions
Add a new tag
Caveats
  • Supply blocks, unpowered buildings, or Contaminate may cause inaccurate times.
  • Supply counts are checked every 10 seconds.